 Dungeon Crawl Stone Soup version 0.25-a0-96-g4073cf80fb (webtiles) character file.

Game seed: 10266058527265871637, levelgen mode: deterministic

42 Lanoc the Shooter (level 3, 0/28 HPs)
             Began as a Demonspawn Hunter on Nov 11, 2019.
             Succumbed to an adder's poison
             ... on level 2 of the Dungeon.
             The game lasted 00:02:00 (659 turns).

Lanoc the Shooter (Demonspawn Hunter)                Turns: 659, Time: 00:02:01

Health: 0/28       AC:  3    Str: 12    XL:     3   Next: 35%
Magic:  3/3        EV: 12    Int: 12    God:
Gold:   63         SH:  0    Dex: 14    Spells: 2/2 levels left

rFire    . . .     SeeInvis .   (no weapon)
rCold    . . .     Gourm    .   (no shield)
rNeg     . . .     Faith    .   c - +0 leather armour
rPois    .         Spirit   .   (no helmet)
rElec    .         Reflect  .   (no cloak)
rCorr    .         Harm     .   (no gloves)
MR       .....                  (no boots)
Stlth    +.........             (no amulet)
HPRegen  0.09/turn              (no ring)
MPRegen  0.08/turn              (no ring)

@: lethally poisoned (0 -> -5)
A: claws 1
a: no special abilities


You were on level 2 of the Dungeon.
You were not hungry.

You visited 1 branch of the dungeon, and saw 2 of its levels.

You collected 63 gold pieces.

Inventory:

Hand Weapons
 a - a +1 shortbow
Missiles
 d - 10 arrows
Armour
 c - a +0 leather armour (worn)
Scrolls
 b - a scroll of remove curse {unknown}
 e - 3 scrolls of identify {unknown}
Comestibles
 f - 4 rations


   Skills:
 + Level 2.7 Fighting
 - Level 3.9 Bows
 + Level 2.4 Dodging
 - Level 0.8 Stealth
 * Level 0.1 Unarmed Combat


You had 2 spell levels left.
You didn't know any spells.
Your spell library was empty.

Dungeon Overview and Level Annotations

Branches:
Dungeon (2/15)

Altars:
Dithmenos


Innate Abilities, Weirdness & Mutations

You have sharp fingernails.


Message History

You scratch the worm but do no damage.
The worm is heavily wounded.
The worm bites you!
You are too injured to fight recklessly!
You scratch the worm but do no damage.
The worm is heavily wounded.
You scratch the worm.
The worm is severely wounded.
The worm bites you.
* * * LOW HITPOINT WARNING * * *
An adder comes into view.
The adder hisses angrily.
The adder bites you.
* * * LOW HITPOINT WARNING * * *
You are lethally poisoned!
The adder poisons you!
You aren't carrying any potions.
* * * LOW HITPOINT WARNING * * *
You feel sick.
You die...

#..# #..#####
#......# #########
#.####.# ........#
#...##.####
#######.#
###.......# #.#
##..)....#
#.####.#..†...#
#.....###.@...#
#.####.#S.....####
#<# ##..........#
#.# #.......##.#
#.# #.##.#### #
#.# #.##.# #.#
#w##.#
..#####.##.####
...............


You could see an adder.

Vanquished Creatures
  An ooze (D:1)
  2 dart slugs (D:1)
  3 leopard geckos (D:1)
  An orc (D:2)
  2 bats (D:2)
  2 goblins (D:1)
  3 hobgoblins (D:1)
  6 jackals (D:1)
  2 kobolds (D:1)
  A quokka (D:2)
  A frilled lizard (D:1)
  2 rats
26 creatures vanquished.

Notes
Turn   | Place    | Note
-------+----------+-------------------------------------------
     0 | D:1      | Lanoc the Demonspawn Hunter began the quest for the Orb.
     0 | D:1      | Reached XP level 1. HP: 16/16 MP: 1/1
   100 | D:1      | Gained mutation: You have sharp fingernails. [demonic
                  | ancestry]
   100 | D:1      | Reached XP level 2. HP: 22/22 MP: 2/2
   201 | D:1      | Reached XP level 3. HP: 18/28 MP: 3/3
   567 | D:2      | Found a shadowy altar of Dithmenos.
   658 | D:2      | HP: 1/28 [poisoned by an adder]
   659 | D:2      | Succumbed to an adder's poison

Levels and vault maps discovered:
D:1:      dpeg_arrival_chase, layout_rooms, minmay_hexomino_c4
D:2:      layout_loops_ring, first_ration, serial_undead, serial_undead_f,
          serial_undead_b, serial_undead_b, serial_undead_e,
          grunt_ministairs_10, grunt_dithmenos_smoke

Skill      XL: |  1 |
---------------+----+-----
Dodging        | 2 |  2.4
Fighting       | |  2.7
Bows           | |  3.9
Stealth        | |  0.8
Unarmed Combat | |  0.1

Action                   || total
-------------------------++-------
Melee: Unarmed           ||    53
 Fire: Shortbow          ||    55
Armor: Leather armour    ||    19
Dodge: Dodged            ||    52

Table legend:
 A = Non-vault XP
 B = Vault XP
 C = Vault XP percentage of total XP
 D = Non-vault monster count
 E = Vault monster count
 F = Vault count percentage of total count
                 A         B        C        D         E       F
            +---------+---------+-------+---------+---------+-------
      Total |      48 |      13 |  21.3 |      21 |       5 |  19.2
            +---------+---------+-------+---------+---------+-------
        D:1 |      38 |      13 |  25.5 |      16 |       5 |  23.8
        D:2 |      10 |       0 |   0.0 |       5 |       0 |   0.0
            +---------+---------+-------+---------+---------+-------
